Map: Colonisation EC

Players

TkiLLer

  • Race: Terran Terran
  • League: Silver
  • Spawn Location: 11:00

zidar - Winner!

  • Race: Zerg Zerg
  • League: Silver
  • Spawn Location: 7:00

VOD

Have the link to the VOD?

Description

Time

  • Played on: April 27, 2016, 12:36 a.m.
  • Length: 18:20
Show
View Real Time Build Order
Export as new Build Order

TkiLLer Terran 

Build Orders:  

Get SALT Encoding   

  12  0:02  SCV  
  13  0:14  SCV  
  14  0:19  Supply Depot  
  14  0:26  SCV  
  15  0:31  Refinery  
  15  0:41  SCV  
  16  0:46  Barracks  
  16  0:53  SCV  
  17  1:05  SCV  
  17  1:06  Supply Depot  
  18  1:17  SCV  
  19  1:25  Barracks  
  19  1:36  Orbital Command  
  19  1:40  Reaper  
  20  1:54  Factory  
  20  2:00  Refinery  
  20  2:04  SCV  
  21  2:15  Barracks Tech Lab  
  21  2:16  SCV  
  22  2:27  Barracks Reactor  
  22  2:28  SCV  
  25  2:44  SCV  
  25  2:46  Widow Mine  
  26  2:55  Marine, Command Center  
  26  2:58  SCV  
  27  3:12  Marine  
  27  3:17  Marine x2  
  31  3:20  SCV  
  31  3:21  Factory Tech Lab  
  31  3:29  Supply Depot  
  31  3:37  Stimpack  
  31  3:42  Supply Depot  
  31  3:50  Marine x2, Siege Tank  
  36  3:56  SCV, Starport  
  37  4:04  Marine  
  37  4:08  Marine  
  39  4:22  Siege Tank  
  39  4:23  Supply Depot  
  42  4:32  SCV  
  42  4:35  Barracks  
  42  4:36  Medivac  
  45  4:44  SCV  
  47  4:50  Orbital Command  
  46  4:56  SCV  
  47  5:01  Marine x3  
  50  5:07  Starport Reactor  
  50  5:08  SCV  
  51  5:15  Siege Tank  
  51  5:19  Marine  
  55  5:26  SCV  
  57  5:28  SCV  
  57  5:32  Engineering Bay  
  57  5:38  SCV  
  57  5:39  Marine x3  
  57  5:40  SCV  
  57  5:41  Barracks Reactor  
  62  5:47  Factory  
  62  5:50  SCV  
  62  5:52  SCV  
  62  5:56  Supply Depot  
  64  6:03  SCV  
  65  6:04  SCV  
  65  6:05  Supply Depot  
  65  6:06  Marine x2  
  65  6:09  Medivac  
  70  6:14  Terran Infantry Weapons Level 1  
  70  6:17  SCV x2  
  72  6:24  Hellion  
  74  6:29  SCV x2  
  74  6:31  Refinery  
  76  6:34  Supply Depot  
  76  6:40  Combat Shield  
  76  6:41  SCV  
  77  6:53  Factory Reactor, Command Center  
  77  7:06  Supply Depot  
  77  7:09  Supply Depot  
  77  7:11  Siege Tank  
  77  7:12  Refinery  
  80  7:17  Armory  
  80  7:19  Engineering Bay  
  80  7:21  Marine x4  
  80  7:22  Marine  
  85  7:25  Medivac  
  85  7:27  Medivac  
  89  7:37  SCV  
  89  7:39  Marine x2  
  92  7:46  Terran Infantry Armor Level 1  
  92  7:49  SCV  
  92  7:51  Marine x3  
  95  7:57  Marine x2  
  98  7:58  Supply Depot  
  98  8:01  Supply Depot  
  98  8:03  Supply Depot  
  98  8:07  Hellbat x3  
  98  8:08  Marine  
  98  8:09  Marine x2  
  107  8:14  Marine  
  108  8:22  SCV  
  108  8:23  SCV  
  110  8:29  Missile Turret  
  110  8:32  Siege Tank  
  117  8:34  SCV  
  117  8:35  SCV  
  117  8:40  Widow Mine x2  
  119  8:43  Planetary Fortress  
  119  8:47  SCV  
  119  8:48  SCV  
  121  8:59  SCV  
  121  9:00  SCV  
  123  9:05  Barracks  
  123  9:06  Barracks  
  123  9:11  Viking x2  
  123  9:12  SCV  
  123  9:15  Missile Turret  
  128  9:32  Marine x3  
  128  9:33  Marine x2  
  133  9:43  Supply Depot x2  
  133  9:44  Supply Depot  
  134  9:45  SCV  
  134  9:47  SCV, Supply Depot  
  134  9:48  Supply Depot  
  134  9:49  SCV  
  134  9:50  Marine x3  
  134  9:52  Terran Infantry Weapons Level 2, Terran Infantry Armor Level 2  
  139  9:54  Barracks, Terran Vehicle Weapons Level 1  
  139  9:57  SCV  
  139  9:59  SCV  
  141  10:01  SCV  
  141  10:02  Refinery  
  141  10:04  Marine x2  
  141  10:05  Refinery  
  144  10:08  Marine x3  
  144  10:10  SCV  
  144  10:11  Barracks Tech Lab, SCV  
  144  10:12  Barracks Reactor  
  149  10:28  Command Center  
  149  10:32  Marine  
  149  10:33  Marine x5  
  155  10:40  Supply Depot  
  155  10:42  Supply Depot  
  155  10:48  SCV  
  156  10:50  Marine x2  
  156  10:51  Marine x2  
  156  10:52  Marauder, Supply Depot  
  156  10:53  SCV  
  156  10:55  Marine x2  
  156  10:56  Marauder  
  168  11:00  SCV  
  168  11:02  Concussive Shells  
  168  11:05  Barracks Tech Lab, SCV, Starport  
  168  11:07  Siege Tank  
  172  11:12  SCV  
  172  11:17  SCV  
  174  11:26  Command Center  
  174  11:48  Planetary Fortress  
  174  11:49  Missile Turret, Terran Vehicle And Ship Armor Level 1  
  174  11:52  Marine x4  
  178  12:08  Barracks  
  178  12:09  Marine x3, Barracks  
  178  12:10  Marauder x2  
  178  12:12  Barracks  
  178  12:13  Command Center  
  185  12:20  Starport Reactor  
  185  12:28  Marauder  
  185  12:29  Marine x2  
  188  12:30  Marine x3  
  188  12:31  Marauder  
  194  12:50  Missile Turret  
  194  12:55  Terran Infantry Weapons Level 3, Terran Infantry Armor Level 3  
  194  13:03  Barracks Reactor x2  
  194  13:04  Barracks Reactor  
  194  13:09  Refinery  
  194  13:12  Refinery  
  194  13:17  Medivac  
  194  13:18  Medivac x2  
  200  13:26  Planetary Fortress  
  200  13:41  Planetary Fortress  
  200  13:42  Terran Vehicle Weapons Level 2  
  200  13:46  Missile Turret  
  200  14:06  Barracks  
  200  14:07  Barracks  
  200  14:08  Barracks  
  200  14:09  Barracks  
  198  14:42  Missile Turret  
  196  14:46  Missile Turret  
  196  14:47  Missile Turret  
  196  14:48  Missile Turret  
  196  14:55  Viking, Missile Turret x2  
  196  14:56  Viking  
  196  14:58  Missile Turret x2  
  196  14:59  Missile Turret  
  200  15:06  Missile Turret x2  
  200  15:08  Missile Turret  
  200  15:16  Missile Turret  
  200  15:18  Barracks Reactor  
  200  15:26  Barracks Reactor  
  200  15:27  Marine  
  200  15:28  Marine x16  
  111  15:37  Missile Turret  
  109  15:45  Marine  
  109  15:46  Marine x16, Medivac x3  
  109  15:47  Medivac  
  126  15:58  Terran Vehicle And Ship Armor Level 2  
  126  16:01  Marine x2  
  126  16:03  Marine x5  
  126  16:04  Marine x12  
  140  16:16  Medivac  
  139  16:21  Marine x13  
  139  16:22  Marauder x3  
  136  16:44  Marauder x3  
  127  16:52  Marine x14  
  108  17:05  Marauder  
  109  17:12  Marine  
  109  17:13  Marine x9  
  73  17:38  SCV  
  73  17:41  SCV  
  75  17:50  SCV  
  76  17:53  SCV  
  75  18:02  SCV  
  75  18:05  SCV  
Show
View Real Time Build Order
Export as new Build Order

zidar Zerg - Winner!

Build Orders: Hatch First, Muta Ling Bane 

Get SALT Encoding   

  12  0:02  Drone  
  13  0:12  Overlord  
  13  0:18  Drone  
  14  0:31  Drone x2  
  16  0:42  Drone  
  17  0:57  Hatchery  
  17  0:59  Drone  
  17  1:14  Spawning Pool  
  17  1:17  Drone  
  17  1:22  Extractor  
  17  1:23  Drone  
  17  1:41  Drone  
  17  1:42  Overlord  
  17  1:43  Drone  
  19  2:02  Queen  
  21  2:09  Queen  
  21  2:11  Drone x3  
  25  2:24  Zergling x4  
  27  2:32  Extractor  
  26  2:39  Drone x2  
  28  3:15  Metabolic Boost  
  28  3:31  Drone x6  
  28  3:32  Drone x2  
  36  3:41  Hatchery, Drone  
  36  3:48  Baneling Nest  
  35  4:01  Drone  
  36  4:05  Overlord  
  36  4:06  Overlord x3  
  36  4:24  Drone x7  
  43  4:52  Zergling x2  
  44  4:53  Zergling x8  
  44  4:54  Queen  
  50  5:19  Extractor  
  50  5:20  Extractor  
  48  5:23  Drone x6  
  48  5:24  Drone x5  
  59  5:30  Zergling x6  
  59  5:32  Baneling x7  
  62  5:36  Lair  
  62  5:51  Zergling x2  
  62  5:52  Zergling x6  
  62  5:55  Overlord x2  
  62  5:56  Overlord  
  66  6:17  Drone  
  67  6:31  Zergling x24  
  79  6:40  Evolution Chamber  
  79  6:42  Evolution Chamber  
  77  6:48  Drone x7  
  77  6:53  Baneling  
  77  6:54  Baneling x10  
  84  6:56  Centrifical Hooks  
  84  7:02  Spire  
  83  7:16  Drone x2  
  83  7:17  Drone x2  
  83  7:18  Drone x3  
  83  7:22  Overlord x5  
  90  7:23  Overlord  
  90  7:35  Extractor  
  90  7:36  Extractor  
  88  7:49  Zerg Ground Armor Level 1  
  88  7:50  Zerg Melee Weapons Level 1  
  88  7:55  Zergling x26  
  101  8:11  Pneumatized Carapace  
  101  8:17  Overseer  
  101  8:19  Drone x4  
  105  8:20  Infestation Pit  
  105  8:23  Mutalisk x6  
  105  8:24  Mutalisk x2  
  120  8:34  Hatchery  
  120  8:38  Drone x2  
  121  8:45  Drone x4  
  125  8:52  Drone  
  125  8:53  Drone  
  127  8:56  Mutalisk  
  127  8:57  Mutalisk x4  
  137  9:33  Hive  
  137  9:41  Overlord x3  
  137  9:42  Overlord  
  137  10:11  Zerg Ground Armor Level 2  
  137  10:12  Zerg Melee Weapons Level 2  
  137  10:16  Zergling x2  
  137  10:17  Zergling x26  
  137  10:18  Zergling x12  
  157  10:23  Baneling x15  
  157  10:24  Baneling x2  
  157  10:25  Baneling x2  
  157  10:27  Mutalisk  
  157  10:28  Mutalisk x4  
  159  10:32  Zerg Flyer Weapons Level 1  
  167  10:57  Overlord x5  
  167  10:58  Overlord x2  
  167  11:14  Queen  
  167  11:15  Ultralisk Cavern  
  168  12:26  Ultralisk  
  168  12:27  Ultralisk x3  
  168  12:28  Ultralisk  
  198  12:30  Zergling x2  
  198  12:31  Zergling x2  
  198  12:35  Chitinous Plating  
  200  12:37  Zerg Ground Armor Level 3  
  200  12:38  Zerg Melee Weapons Level 3  
  200  12:41  Zerg Flyer Weapons Level 2  
  200  13:21  Hatchery  
  195  13:33  Ultralisk  
  198  13:35  Zergling x4  
  200  14:10  Baneling  
  200  14:11  Baneling x8  
  129  15:38  Zergling x2  
  129  15:39  Zergling x46  
  129  15:40  Zergling x34  
  170  16:09  Baneling x12  
  170  16:10  Baneling x15  
  170  16:24  Mutalisk x9  
  170  16:25  Mutalisk x5  
  159  17:01  Ultralisk x3  
  169  17:02  Ultralisk x4, Zergling x2  
  169  17:05  Zergling x4  
  167  17:59  Extractor  
  167  18:01  Extractor  
Tags
 
Add a new tag
Caveats
  • Supply blocks, unpowered buildings, or Contaminate may cause inaccurate times.
  • Supply counts are checked every 10 seconds.